 Dungeon Crawl Stone Soup version 0.20-a0-51-g027d3fc (webtiles) character file.

4615 sveltemanboy the Cleaver (level 10, -3/70 HPs)
             Began as a Demonspawn Fighter on Nov 15, 2016.
             Was a Priest of Okawaru.
             Slain by a hill giant
             ... wielding a +0 giant club
              (10 damage)
             ... on level 9 of the Dungeon.
             The game lasted 00:20:06 (7129 turns).

sveltemanboy the Cleaver (Demonspawn Fighter)       Turns: 7129, Time: 00:20:06

Health: -3/70      AC: 12    Str: 23 (24) XL:     10   Next: 19%
Magic:  0/15       EV: 12    Int:  9 (10) God:    Okawaru [***...]
Gold:   591        SH:  0    Dex: 14 (15) Spells: 0 memorised, 9 levels left

rFire  + . .     SeeInvis .     a - +0 war axe
rCold  . . .     Gourm    .     v - +0 scale mail {rF+}
rNeg   . . .     Faith    .     (no shield)
rPois  .         Spirit   +     (helmet restricted)
rElec  .         Reflect  .     q - +2 cloak
rCorr  .         Harm     .     t - +0 pair of gloves
MR     .....                    (no boots)
Stlth  ..........               y - amulet of guardian spirit
                                (no ring)
                                F - ring of wizardry

@: mighty
A: antennae 2, claws 1, talons 1, agile 1, blink, deterioration 1, powered by
death 3, shaggy fur 1, evolution 1
a: Blink, Heroism, Renounce Religion


You were on level 9 of the Dungeon.
You worshipped Okawaru.
Okawaru was most pleased with you.
You were hungry.

You visited 2 branches of the dungeon, and saw 10 of its levels.

You collected 591 gold pieces.

Inventory:

Hand Weapons
 a - a +0 war axe (weapon)
 E - a +0 battleaxe
Armour
 q - a +2 cloak (worn)
 t - a +0 pair of gloves (worn)
 v - a +0 scale mail of fire resistance (worn)
Jewellery
 y - an amulet of guardian spirit (around neck)
 F - a ring of wizardry (left hand)
Wands
 B - a wand of flame (46/48)
Scrolls
 c - a scroll of enchant armour {unknown}
 e - 2 scrolls of teleportation {unknown}
 h - 7 scrolls of remove curse
 j - 2 scrolls of fog {unknown}
 k - 4 scrolls of recharging
 o - 3 scrolls of enchant weapon {unknown}
 w - 2 scrolls of immolation {unknown}
 A - a scroll of vulnerability {unknown}
 G - a scroll of acquirement {unknown}
 H - a scroll of blinking {unknown}
 J - a scroll of identify
Potions
 d - a potion of degeneration {unknown}
 i - a potion of magic {unknown}
 l - a potion of flight {unknown}
 m - a potion of brilliance
 p - a potion of invisibility
 r - 6 potions of curing
 u - a potion of ambrosia
 x - 2 potions of haste {unknown}
 z - a potion of lignification
 C - a potion of resistance
 D - a potion of beneficial mutation {unknown}
Comestibles
 f - 11 bread rations
 g - a slice of pizza
 n - 5 meat rations
 s - 2 fruits
 I - 3 chunks of flesh


   Skills:
 - Level 3.0 Fighting
 * Level 11.0 Axes
 - Level 4.0 Armour
 - Level 4.0 Dodging
   Level 2.6 Shields
 + Level 6.9 Invocations
 + Level 4.2 Evocations


You had 9 spell levels left.
You didn't know any spells.

Dungeon Overview and Level Annotations

Branches:
Dungeon (9/15)             Temple (1/1) D:5            Lair (0/6) D:8
    Orc: D:9-12

Altars:
Ashenzari
Cheibriados
Dithmenos
Elyvilon
Fedhas
Gozag
Hepliaklqana
Kikubaaqudgha
Makhleb
Nemelex Xobeh
Okawaru
Ru
Sif Muna
Uskayaw
Vehumet
Xom
Yredelemnul
Zin
The Shining One

Shops:
D:6 [   D:9 =


Innate Abilities, Weirdness & Mutations

You have a pair of antennae on your head.
You have sharp fingernails.
You have sharp toenails.
You regenerate a lot of health from kills.
You are agile. (Dex +2)
You can translocate small distances at will.
Your body sometimes deteriorates upon taking damage.
You are covered in fur. (AC +1)
You evolve.


Message History

* * * LOW HITPOINT WARNING * * *
The jackal stops to sniff the ground.
You bump into the rock wall.
You bump into the rock wall.
The hill giant hits you with a giant club!!
* * * LOW HITPOINT WARNING * * *
You're too confused to move!
The hill giant hits you with a giant club!
* * * LOW HITPOINT WARNING * * *
Your body deteriorates!
You feel weakened.
Evoke which item? (* to show all) (? for menu, Esc to quit)
Zapping:
B - a wand of flame (?/48) {recharged} (will waste charges)
Press: ? - help, Shift-Dir - straight line, f - hill giant
Aim: a hill giant, wielding a giant club (almost dead) Evoking this partially-identified wand wasted a few charges.
You feel less invigorated.
You feel less confused.
You are feeling hungry.
The hill giant hits you with a giant club!!
You die...

......<.+ ........# ##
........# ## #≈≈ ....###
#+#.###≈≈≈ ....# #.#.......
....# #.#....... ....#
#.#.....≈≈ ....
.###h#....≈.. ######
..+@Crh....≈..
.....#######...####h.....≈≈
###............####.......⌠
#..................#...≈≈..
.............#####.#..≈..≈≈
.......####### #.#..≈....
####.#.###########.#...≈≈..
...#.#.............#....≈≈.
##.#.#.............#.###≈≈≈


You could see a hill giant, a quokka and 3 jackals.

Vanquished Creatures
  Pikel (D:4)
  A spriggan (D:7)
  A yak (D:8)
  Eustachio (D:4)
  A water moccasin (D:6)
  2 orc warriors
  2 ice beasts
  5 sky beasts
  A black bear (D:6)
  6 phantoms
  2 ogres
  A centaur (D:8)
  A big kobold (D:8)
  2 bullfrogs
  A scorpion (D:8)
  4 killer bees
  5 wights (D:8)
  3 crimson imps
  3 centaur zombies
  5 hounds
  2 orc priests
  A centaur skeleton (D:9)
  A bullfrog skeleton (D:5)
  An iguana (D:5)
  Natasha (D:4)
  12 orc wizards
  3 worker ants
  A hound zombie (D:8)
  2 hound skeletons
  A worker ant zombie (D:7)
  6 gnolls
  10 adders
  2 shadow imps
  2 oozes
  2 adder zombies (D:5)
  2 adder skeletons
  3 dart slugs
  A worm (D:2)
  8 leopard geckos
  16 orcs
  A ball python (D:2)
  4 giant cockroaches
  7 goblins
  6 hobgoblins
  8 jackals
  9 kobolds
  4 quokkas
  A ball python skeleton (D:5)
  11 bats
  3 frilled lizards
  A jackal zombie (D:5)
  3 quokka skeletons
  12 rats
  A fungus (D:8)
196 creatures vanquished.

Vanquished Creatures (others)
  A hound (D:4)
  Natasha (twice) (D:4)
  A hound skeleton (D:4)
4 creatures vanquished.

Grand Total: 200 creatures vanquished

Notes
Turn   | Place    | Note
-------+----------+-------------------------------------------
     0 | D:1      | sveltemanboy the Demonspawn Fighter began the quest for the Orb.
     0 | D:1      | Reached XP level 1. HP: 18/18 MP: 1/1
   121 | D:1      | Reached skill level 2 in Axes
   278 | D:1      | Gained mutation: You have a pair of small antennae on your head. [demonic ancestry]
   278 | D:1      | Reached XP level 2. HP: 24/24 MP: 2/2
   968 | D:2      | Gained mutation: You regenerate a little health from kills. [demonic ancestry]
   968 | D:2      | Reached XP level 3. HP: 23/29 MP: 3/3
  1044 | D:2      | Reached skill level 3 in Axes
  1093 | D:2      | Reached skill level 1 in Dodging
  1163 | D:2      | Gained mutation: You regenerate health from kills. [demonic ancestry]
  1163 | D:2      | Reached XP level 4. HP: 35/35 MP: 4/4
  1698 | D:3      | Found a white marble altar of Elyvilon.
  1880 | D:3      | Reached skill level 4 in Axes
  1965 | D:3      | Gained mutation: You regenerate a lot of health from kills. [demonic ancestry]
  1965 | D:3      | Reached XP level 5. HP: 41/41 MP: 5/5
  2485 | D:4      | Noticed a phantom
  2514 | D:4      | HP: 2/41 [phantom (7)]
  2531 | D:4      | Killed a phantom
  2559 | D:4      | Noticed an ogre
  2580 | D:4      | Gained mutation: You have sharp toenails. [demonic ancestry]
  2580 | D:4      | Reached XP level 6. HP: 42/47 MP: 6/6
  2588 | D:4      | Reached skill level 5 in Axes
  2676 | D:4      | Noticed a slave
  2794 | D:4      | Noticed Pikel
  2810 | D:4      | Noticed a slave
  2810 | D:4      | Noticed a slave
  2811 | D:4      | Gained mutation: You are agile. (Dex +2) [potion of mutation]
  2811 | D:4      | Gained mutation: You can translocate small distances at will. [potion of mutation]
  2811 | D:4      | Gained mutation: You have a pair of antennae on your head. [potion of mutation]
  2813 | D:4      | Noticed a slave
  2840 | D:4      | HP: 2/47 [Pikel/whip of freezing (2)]
  2843 | D:4      | Killed Pikel
  2843 | D:4      | Reached skill level 6 in Axes
  2843 | D:4      | Reached XP level 7. HP: 1/52 MP: 7/7
  3245 | D:4      | Noticed Natasha
  3248 | D:4      | Noticed Eustachio
  3258 | D:4      | Killed Natasha
  3291 | D:4      | Killed Eustachio
  3291 | D:4      | Reached skill level 7 in Axes
  3291 | D:4      | Gained mutation: You have sharp fingernails. [demonic ancestry]
  3291 | D:4      | Reached XP level 8. HP: 28/58 MP: 8/8
  3315 | D:4      | Killed Natasha
  3429 | D:4      | Killed Natasha
  3471 | D:5      | Entered Level 5 of the Dungeon
  3586 | D:5      | Gained mutation: You possess an exceptional clarity of mind. [mutagenic meat]
  3586 | D:5      | Lost mutation: You possess an exceptional clarity of mind. [potion of mutation]
  3586 | D:5      | Gained mutation: You are covered in fur. (AC +1) [potion of mutation]
  3751 | D:5      | Reached skill level 8 in Axes
  3771 | D:5      | Found a staircase to the Ecumenical Temple.
  3830 | Temple   | Entered the Ecumenical Temple
  3856 | Temple   | Became a worshipper of Warmaster Okawaru
  4054 | D:5      | Reached skill level 1 in Invocations
  4572 | D:6      | Found Elefreid's Armour Emporium.
  4627 | D:6      | Reached skill level 9 in Axes
  4718 | D:6      | Reached * piety under Okawaru
  4730 | D:6      | Reached XP level 9. HP: 56/63 MP: 11/11
  4982 | D:6      | Found a burning altar of Makhleb.
  5133 | D:7      | Gained mutation: Your spells are a little easier to cast, but a little less powerful. [potion of mutation]
  5133 | D:7      | Lost mutation: Your spells are a little easier to cast, but a little less powerful. [potion of mutation]
  5185 | D:7      | Reached skill level 1 in Evocations
  5318 | D:7      | Reached ** piety under Okawaru
  5318 | D:7      | Reached skill level 5 in Invocations
  5330 | D:7      | Reached skill level 10 in Axes
  5429 | D:7      | Found a shadowy altar of Dithmenos.
  5947 | D:8      | Gained mutation: You have razor-sharp toenails. [mutagenic meat]
  5948 | D:8      | Gained mutation: You evolve. [mutagenic meat]
  5949 | D:8      | Gained mutation: You possess an exceptional clarity of mind. [mutagenic meat]
  6114 | D:8      | Reached XP level 10. HP: 63/70 MP: 12/14
  6161 | D:8      | Reached *** piety under Okawaru
  6249 | D:8      | Found a staircase to the Lair.
  6737 | D:9      | Found Qedgh's Jewellery Shop.
  6791 | D:9      | Lost mutation: You have razor-sharp toenails. [mutagenic meat]
  6792 | D:9      | Lost mutation: You possess an exceptional clarity of mind. [mutagenic meat]
  6794 | D:9      | Gained mutation: Your body sometimes deteriorates upon taking damage. [mutagenic meat]
  7104 | D:9      | Noticed a hill giant
  7111 | D:9      | Reached skill level 11 in Axes
  7129 | D:9      | Slain by a hill giant

Vault maps used:
D:1:      sevenhm_arrival_forest_fort_large_2
D:3:      minmay_misc_feat_pillars, minmay_door_square, elyvilon_altar_4
D:4:      first_bread, enter_ossuary_2, amethyst_killhole, uniq_natasha,
          uniq_pikel, uniq_eustachio
D:5:      minmay_item_behind_shaft
D:6:      serial_shops, nicolae_shop_waterfront, basic_altar
D:7:      basic_altar, the_bakery
D:8:      minmay_flawed_box, grunt_lair_entry_orc_guard_hut
D:9:      cheibrodos_helix_gallery, serial_shops, shop_coins
Temple:   nicolae_temple_the_god_donut

Skill      XL: |  1  2  3  4  5  6  7  8  9 10 |
---------------+-------------------------------+-----
Axes           | 2 3 4 6 7 9 10 11 | 11.0
Armour         | 3 4 |  4.0
Dodging        | 1 2 3 4 |  4.0
Invocations    | 3 6 |  6.9
Evocations     | 3 4 |  4.2
Fighting       | |  3.0
Shields        | |  2.6

Action                   |  1- 3 |  4- 6 |  7- 9 | 10-12 || total
-------------------------+-------+-------+-------+-------++-------
Melee: War axe           |    94 |   179 |   469 |   143 ||   885
       Kick              |       |    17 |   131 |    35 ||   183
       Punch             |       |       |     1 |       ||     1
Invok: Heroism           |       |       |     1 |       ||     1
Evoke: Wand              |       |       |       |     1 ||     1
  Use: Potion            |       |     6 |     3 |     2 ||    11
       Scroll            |       |       |     9 |       ||     9
  Eat: Chunk             |     1 |     5 |    17 |     9 ||    32
Armor: Scale mail        |    55 |    81 |   253 |    56 ||   445
Dodge: Dodged            |    55 |    97 |   285 |    78 ||   515
